 Dungeon Crawl Stone Soup version 0.17.0-24-gcfadda4 (console) character file.

1738 Kloppie the Cleaver (level 9, -2/70 HPs)
             Began as a Hill Orc Fighter on Nov 18, 2015.
             Killed by Olgreb's Toxic Radiance
             ... invoked by fotsohgehT's ghost
              (12 damage)
             ... on level 7 of the Dungeon.
             The game lasted 00:15:49 (6632 turns).

Kloppie the Cleaver (Hill Orc Fighter)              Turns: 6632, Time: 00:15:50

Health: -2/70      AC: 16    Str: 29    XL:     9   Next: 5%
Magic:  9/9        EV:  5    Int:  4    God:
Gold:   244        SH: 10    Dex: 13    Spells: 0 memorised, 8 levels left

rFire  + . .     SeeInvis +     a - +0 war axe (flame)
rCold  . . .     Clarity  .     n - +0 plate armour
rNeg   + + +     SustAt   .     c - +0 shield
rPois  .         Gourm    .     s - +0 helmet
rElec  .         Spirit   .     j - +0 cloak (curse)
rCorr  .         Warding  .     (no gloves)
rMut   .         Stasis   .     f - +1 pair of boots
MR     .....                    (no amulet)
Stlth  ..........               o - ring of stealth
                                A - ring of Vowof {rF+ rN+++ Str+5 Int-4 SInv}

@: mighty, lethally poisoned (-2 -> -54), not resistant to hostile enchantments,
extremely unstealthy
A: shaggy fur 1
a: no special abilities


You were on level 7 of the Dungeon.
You were hungry.

You visited 2 branches of the dungeon, and saw 8 of its levels.

You collected 244 gold pieces.

Inventory:

Hand Weapons
 a - a +0 war axe of flaming (weapon)
 v - a +0 blowgun
Armour
 c - a +0 shield (worn)
 f - a +1 pair of boots (worn)
 j - a cursed +0 cloak (worn)
 n - a +0 plate armour (worn)
 s - a +0 helmet (worn)
Jewellery
 o - a ring of stealth (right hand)
 A - the ring of Vowof (left hand) {rF+ rN+++ Str+5 Int-4 SInv}
   (You found it on level 5 of the Dungeon)

   [ring of strength]

   It affects your strength (+5).
   It affects your intelligence (-4).
   It protects you from fire.
   It renders you almost immune to negative energy.
   It lets you see invisible.
Wands
 r - a wand of random effects (48)
 u - a wand of random effects (20)
Scrolls
 h - 2 scrolls of magic mapping
 i - 2 scrolls of teleportation
 y - 4 scrolls of recharging
Potions
 b - a potion of degeneration {unknown}
 g - 4 potions of flight
 p - a potion of lignification
 q - a potion of berserk rage
 t - 4 potions of curing
 w - a potion of haste {unknown}
 C - a potion of brilliance {unknown}
Books
 k - a book of Envenomations

   Spells                             Type                      Level
   a - Spider Form                    Transmutation/Poison         3
   b - Alistair's Intoxication        Transmutation/Poison         4
   c - Olgreb's Toxic Radiance        Poison                       4
   d - Poisonous Cloud                Conjuration/Poison/Air       6
Comestibles
 e - 7 bread rations
 l - a slice of pizza
 m - a meat ration
 z - 4 fruits


   Skills:
 - Level 3.6 Fighting
 + Level 14.1 Axes
 - Level 3.2 Armour
 - Level 3.2 Shields


You had 8 spell levels left.
You didn't know any spells.

Dungeon Overview and Level Annotations

Branches:
Dungeon (7/15)             Temple (1/1) D:5

Altars:
Ashenzari
Cheibriados
Kikubaaqudgha
Nemelex Xobeh
Okawaru
Qazlal
Ru
Sif Muna
Vehumet
Xom
Yredelemnul
Zin
The Shining One
Lugonu

Shops:
D:7 [

Annotations:
D:7 fotsohgehT's ghost, novice DrVM


Innate Abilities, Weirdness & Mutations

You are covered in fur (AC +1).


Message History

FotsohgehT's ghost is severely damaged.
* * * LOW HITPOINT WARNING * * *
You feel very sick.
* * * LOW HITPOINT WARNING * * *
You are more poisoned.
FotsohgehT's ghost says, "Don't move, or the poison will kill you faster."
FotsohgehT's ghost completely misses you.
You are feeling hungry.
You closely miss fotsohgehT's ghost.
FotsohgehT's ghost is severely damaged.
* * * LOW HITPOINT WARNING * * *
You feel very sick.
* * * LOW HITPOINT WARNING * * *
You are more poisoned.
You block fotsohgehT's ghost's attack.
You barely miss fotsohgehT's ghost.
FotsohgehT's ghost is severely damaged.
* * * LOW HITPOINT WARNING * * *
You feel very sick.
You die...

#+#......#
........#
####......# ..
..##..###.#..
#.##.##.........
#.
#.##.##.###..#..
#. #.##.##.# .#
#.##.##.##W# #
####........@.#
#..........#..#
#.........#...#
#......)..#..##
#..............
#.........######
######...)....
######....#.##
#.........#.#


You could see fotsohgehT's ghost.

Vanquished Creatures
  Prince Ribbit (D:6)
  Sigmund (D:6)
  2 orc warriors
  3 giant frogs (D:6)
  A scorpion (D:6)
  A crimson imp (D:5)
  A centaur zombie (D:6)
  A giant frog zombie (D:6)
  7 orc priests
  A giant frog skeleton (D:5)
  7 orc wizards
  4 worker ants
  A killer bee zombie (D:6)
  3 hound skeletons
  A worker ant zombie (D:6)
  Robin (D:4)
  4 gnolls
  9 adders
  An ooze (D:3)
  5 worms
  2 giant geckos
  19 orcs
  19 goblins
  7 hobgoblins
  7 jackals
  7 kobolds
  5 quokkas
  7 bats
  3 giant cockroaches
  A giant newt (D:2)
  7 rats
139 creatures vanquished.

Notes
Turn   | Place    | Note
--------------------------------------------------------------
     0 | D:1      | Kloppie the Hill Orc Fighter began the quest for the Orb.
     0 | D:1      | Reached XP level 1. HP: 19/19 MP: 1/1
   359 | D:1      | Reached XP level 2. HP: 26/26 MP: 2/2
   705 | D:2      | Reached skill level 4 in Axes
   885 | D:2      | Reached XP level 3. HP: 25/31 MP: 3/3
  1057 | D:2      | Reached skill level 5 in Axes
  1450 | D:2      | Reached XP level 4. HP: 39/39 MP: 4/4
  1465 | D:2      | Found a deep blue altar of Sif Muna.
  1594 | D:2      | Reached skill level 6 in Axes
  1905 | D:3      | Reached XP level 5. HP: 45/45 MP: 5/5
  2182 | D:3      | Reached skill level 7 in Axes
  2380 | D:3      | Noticed an orc warrior
  2421 | D:4      | Noticed Robin
  2471 | D:4      | Killed Robin
  2911 | D:4      | Reached skill level 8 in Axes
  2911 | D:4      | Reached XP level 6. HP: 51/51 MP: 6/6
  3081 | D:4      | Found a shimmering altar of Xom.
  3205 | D:4      | Found a sparkling altar of Nemelex Xobeh.
  3464 | D:4      | Reached skill level 9 in Axes
  3579 | D:5      | Entered Level 5 of the Dungeon
  3791 | D:5      | Found a radiant altar of Vehumet.
  3836 | D:5      | Reached XP level 7. HP: 49/57 MP: 7/7
  3868 | D:5      | Found a staircase to the Ecumenical Temple.
  3877 | Temple   | Entered the Ecumenical Temple
  4016 | D:5      | Reached skill level 10 in Axes
  4395 | D:5      | Got a steaming amber ring
  4516 | D:5      | Identified the ring of Vowof {rF+ rN+++ Str+5 Int-4 SInv} (You found it on level 5 of the Dungeon)
  4530 | D:5      | Gained mutation: You are covered in fur (AC +1). [potion of beneficial mutation]
  5174 | D:6      | Reached skill level 11 in Axes
  5219 | D:6      | Reached XP level 8. HP: 64/64 MP: 8/8
  5342 | D:6      | Noticed Prince Ribbit
  5358 | D:6      | Found a stormy altar of Qazlal.
  5593 | D:6      | Reached skill level 12 in Axes
  5602 | D:6      | Noticed Sigmund
  5604 | D:6      | Found a sacrificial altar of Ru.
  5629 | D:6      | Killed Sigmund
  5681 | D:6      | Reached skill level 13 in Axes
  5901 | D:6      | Killed Prince Ribbit
  6330 | D:6      | Found a basalt altar of Yredelemnul.
  6381 | D:6      | Reached skill level 14 in Axes
  6381 | D:6      | Reached XP level 9. HP: 63/70 MP: 9/9
  6613 | D:7      | Found Sakkaf's Armour Shoppe.
  6614 | D:7      | Noticed fotsohgehT's ghost (novice DrVM)
  6632 | D:7      | Killed from afar by fotsohgehT's ghost

Action                   |  1- 3 |  4- 6 |  7- 9 || total
-------------------------+-------+-------+-------++-------
Melee: War axe           |   123 |   229 |   229 ||   581
  Use: Scroll            |       |       |    16 ||    16
       Potion            |       |       |     3 ||     3
  Eat: Chunk             |     1 |     9 |     7 ||    17
       Beef jerky        |       |       |     1 ||     1
